 Dungeon Crawl Stone Soup version 0.21-a0-59-g7b0e191 (webtiles) character file.

242 grindst0ne the Sneak (level 5, -6/35 HPs)
             Began as a Vampire Enchanter on June 16, 2017.
             Mangled by an ogre
             ... wielding a +0 giant spiked club
              (17 damage)
             ... on level 4 of the Dungeon.
             The game lasted 00:09:16 (4538 turns).

grindst0ne the Sneak (Vampire Enchanter)            Turns: 4538, Time: 00:09:17

Health: -6/35      AC:  3    Str:  4 (7)  XL:     5   Next: 82%
Magic:  6/8        EV: 12    Int: 14 (17) God:
Gold:   125        SH:  0    Dex: 13 (16) Spells: 2/8 levels left

rFire    . . .     SeeInvis +   i - +3 dagger
rCold    + . .     Gourm    .   (no shield)
rNeg     + + .     Faith    .   b - +0 robe
rPois    +         Spirit   .   l - +1 hat
rElec    .         Reflect  .   (no cloak)
rCorr    .         Harm     .   (no gloves)
MR       .....                  (no boots)
Stlth    +++++.....             (no amulet)
HPRegen  0.05/turn              (no ring)
MPRegen  0.11/turn              (no ring)

@: regenerating slowly
A: fangs 3, see invisible, unbreathing
a: Bat Form


You were on level 4 of the Dungeon.
You were near bloodless.

You visited 1 branch of the dungeon, and saw 4 of its levels.

You collected 125 gold pieces.

Inventory:

Hand Weapons
 a - a +1 dagger
 i - a +3 dagger (weapon)
Armour
 b - a +0 robe (worn)
 l - a +1 hat (worn)
Wands
 f - a wand of paralysis (9/24)
Scrolls
 e - 2 scrolls of teleportation
 g - a scroll of blinking
 h - 2 scrolls of amnesia
 j - 3 scrolls of remove curse
Potions
 q - 21 potions of blood
Books
 c - a book of Maledictions

   Spells                             Type                      Level
   a - Corona                         Hexes                        1
   b - Ensorcelled Hibernation        Hexes/Ice                    2
   c - Confuse                        Hexes                        3
   d - Tukima's Dance                 Hexes                        3
   e - Dazzling Spray                 Conjuration/Hexes            3


   Skills:
 - Level 1.1 Short Blades
 - Level 2.1 Dodging
 + Level 7.8 Stealth
 - Level 2.0 Spellcasting
 + Level 7.4 Hexes


You had 2 spell levels left.
You knew the following spells:

 Your Spells              Type           Power        Failure   Level  Hunger
a - Confuse               Hex            ###.....     3%          3    ####...
b - Ensorcelled Hibernat  Hex/Ice        ##....       8%          2    ###....
o - Corona                Hex            ###....      1%          1    ##.....


Dungeon Overview and Level Annotations

Branches:
Dungeon (4/15)
 Temple: D:4-7

Altars:
Gozag


Innate Abilities, Weirdness & Mutations

You heal slowly.
You have razor-sharp teeth.
You have supernaturally acute eyesight. (SInv)
You can survive without breathing.


Message History

Okay, then.
You start resting.
Magic restored.
You start resting.
You hear the slow rusting of a very distant drain.
You start resting.
You feel almost devoid of blood!
You start resting.
You hear the rusting of a very distant drain.
You see here 7 stones.
The ogre shouts!
The worker ant twitches its antennae in your direction.
There is a stone staircase leading down here.
Casting: Confuse
Confirm with . or Enter, or press ? or * to list all spells.
Aiming: Ensorcelled Hibernation
Press: ? - help, Shift-Dir - straight line, f - ogre
Aim: an ogre, wielding a giant spiked club (chance to defeat MR: 42%)
The ogre resists with some effort.
The ogre hits you with a giant spiked club!
You die...

#.# # # #.#
#. #.# ..
####.###.# ##
#........# #
#.##.###.#
#.##... #
#.#######....
#.(@Oa.?...#
#.########.#
#.# #.# #.#
..# ..# r.#


You could see an ogre and a worker ant.

Vanquished Creatures
  A phantom (D:4)
  An orc wizard (D:3)
  6 adders
  A worm (D:2)
  2 dart slugs
  A leopard gecko (D:1)
  6 orcs (D:3)
  8 bats
  3 giant cockroaches
  7 goblins
  9 hobgoblins
  4 jackals (D:3)
  7 kobolds
  4 frilled lizards
  A jackal skeleton (D:4)
  7 rats
68 creatures vanquished.

Notes
Turn   | Place    | Note
-------+----------+-------------------------------------------
     0 | D:1      | grindst0ne the Vampire Enchanter began the quest for the Orb.
     0 | D:1      | Reached XP level 1. HP: 13/13 MP: 3/3
   442 | D:1      | Reached XP level 2. HP: 19/19 MP: 5/5
   446 | D:1      | Learned a level 2 spell: Ensorcelled Hibernation
   456 | D:1      | Reached skill level 5 in Hexes
   679 | D:1      | Reached skill level 5 in Stealth
  1650 | D:2      | Reached XP level 3. HP: 24/24 MP: 6/6
  1674 | D:2      | Learned a level 3 spell: Confuse
  2507 | D:2      | Found an opulent altar of Gozag.
  2848 | D:2      | Reached XP level 4. HP: 26/30 MP: 2/7
  3789 | D:3      | Reached XP level 5. HP: 19/35 MP: 5/8
  4253 | D:4      | Noticed a phantom
  4386 | D:4      | Killed a phantom
  4441 | D:4      | Noticed an ogre
  4538 | D:4      | Mangled by an ogre

Vault maps used:
D:1:      shiori_shiawase
D:2:      old_standard_altar, first_bread
D:3:      st_stairs_6
D:4:      gup_sewer_entry_glass

Skill      XL: |  1  2  3  4  5 |
---------------+----------------+-----
Hexes          | 5 6 7 |  7.4
Stealth        | 5 6 7 |  7.8
Short Blades   | |  1.1
Dodging        | |  2.1
Spellcasting   | |  2.0

Action                   |  1- 3 |  4- 6 || total
-------------------------+-------+-------++-------
Melee: Dagger            |   119 |    81 ||   200
       Bite              |    13 |     9 ||    22
 Cast: Ensorcelled Hiber |    16 |    14 ||    30
       Confuse           |       |     6 ||     6
 Abil: End Transformatio |       |     1 ||     1
       Bat Form          |       |     1 ||     1
  Use: Potion            |     2 |     5 ||     7
       Scroll            |       |     6 ||     6
 Stab: Sleeping          |    13 |    19 ||    32
       Confused          |       |     2 ||     2
Armor: Robe              |    29 |     2 ||    31
Dodge: Dodged            |    92 |    36 ||   128
